 Dungeon Crawl Stone Soup version 0.28-a0-1117-g0bdd5ba030 (webtiles) character file.

Game seed: 13456299829643720550

121 ducksouse the Covered (level 4, 0/41 HPs)
             Began as a Minotaur Fighter on Dec 11, 2021.
             Succumbed to a gnoll's poison
             ... on level 2 of the Dungeon.
             The game lasted 00:03:39 (1565 turns).

ducksouse the Covered (Minotaur Fighter)            Turns: 1565, Time: 00:03:40

Health: 0/41       AC: 12    Str: 23    XL:     4   Next: 76%
Magic:  3/3        EV:  6    Int:  5    God:
Gold:   53         SH:  4    Dex:  9    Spells: 3/3 levels left

rFire   . . .      SeeInvis .   a - +0 war axe
rCold   . . .      Faith    .   c - +0 buckler
rNeg    . . .      Spirit   .   h - +0 plate armour
rPois   .          Reflect  .   (helmet restricted)
rElec   .          Harm     .   (no cloak)
rCorr   .          Rampage  .   (no gloves)
Will    .....                   (no boots)
Stlth   ..........              (no amulet)
HPRegen 0.13/turn               (no ring)
MPRegen 0.08/turn               (no ring)

@: lethally poisoned (0 -> -13), attractive
A: horns 2, retaliatory headbutt
a: no special abilities


You were on level 2 of the Dungeon.
You visited 1 branch of the dungeon, and saw 2 of its levels.

You collected 53 gold pieces.

Inventory:

Hand Weapons
 a - a +0 war axe (weapon)
Armour
 b - a +0 scale mail
 c - a +0 buckler (worn)
 f - a +0 pair of boots
 h - a +0 plate armour (worn)
 j - a +2 hat
Scrolls
 g - a scroll of holy word {unknown}
Potions
 d - a potion of might


   Skills:
 + Level 4.3 Fighting
 + Level 4.1 Axes
 + Level 4.7 Armour
 + Level 0.4 Dodging
 + Level 4.0 Shields


You had 3 spell levels left.
You didn't know any spells.
Your spell library contained the following spells:

 Spells                   Type           Power      Damage    Failure   Level
 Ensorcelled Hibernation  Hex/Ice        0%         N/A       100%        2
 Spider Form              Tmut/Pois      0%         N/A       100%        3


Dungeon Overview and Level Annotations

Branches:
Dungeon (2/15)

Altars:


Innate Abilities, Weirdness & Mutations

You have a pair of horns on your head.
You reflexively headbutt those who attack you in melee.


Message History

You feel sick.
The gnoll hits you from afar with a +1 spear of venom.
The gnoll barely misses you.
Your plate armour prevents you from hitting the gnoll.
The gnoll is almost dead.
You feel sick. The gnoll closely misses you.
The gnoll hits you from afar with a +1 spear of venom.
You block the gnoll's attack. The gnoll hits you with a +0 whip!
You feel sick. The gnoll barely misses you. You furiously retaliate!
You headbutt the gnoll, but do no damage.
You feel sick.
You feel sick.
You feel sick.
You feel sick.
You feel sick.
You are no longer poisoned.
The gnoll hits you from afar with a +0 spear.
You see here an adder corpse.
You see here a frilled lizard corpse.
The gnoll barely misses you.
The gnoll hits you from afar with a +1 spear of venom.
You are lethally poisoned!
* * * LOW HITPOINT WARNING * * *
You feel very sick. The gnoll barely misses you.
* * * LOW HITPOINT WARNING * * *
You feel sick.
* * * LOW HITPOINT WARNING * * *
You feel sick.
* * * LOW HITPOINT WARNING * * *
You feel sick. The gnoll hits you but does no damage.
You are more poisoned.
It was a potion of attraction.
You feel attractive to monsters.
* * * LOW HITPOINT WARNING * * *
You feel very sick. The gnoll barely misses you.
The gnoll is attracted toward you. x2
As you read the scroll labelled NUAHARCH JOXA, it crumbles to dust.
The scroll dissolves into smoke.
It was a scroll of fog.
You die...

#.......g.g....# #..
#.###.########## #.# #.#
#..# ##### #.# #.# ##.#
#...# #.# #### #.# #.#
#...###.####... #.# #.#
####...#.....##.## #.#
##g###§§§......##.##.# #.#
#>..##§§§......##....#
#.###..g##@§§......##.#####
#.#....§gg§§#...#.....#....
#.#.##.####§#.......###.###
#.#.##.# #.#...###.# #.#
#.#.##.####.##### #.###.###
#.....)......######.......†
###>#######..........)..###
#.# #..#####...####
#.#######....).....#


You could see 2 gnolls.

Vanquished Creatures
  A scorpion (D:2)
  2 adders (D:2)
  A worm (D:2)
  A dart slug (D:1)
  2 orcs (D:2)
  A ball python (D:2)
  3 bats
  2 endoplasms (D:1)
  2 giant cockroaches (D:1)
  5 goblins
  3 hobgoblins (D:1)
  2 quokkas
  4 frilled lizards
  4 kobolds
  A rat (D:2)
34 creatures vanquished.

Notes
Turn   | Place    | Note
-------+----------+-------------------------------------------
     0 | D:1      | ducksouse the Minotaur Fighter began the quest for the Orb.
     0 | D:1      | Reached XP level 1. HP: 19/19 MP: 0/0
   199 | D:1      | Reached XP level 2. HP: 24/27 MP: 1/1
   768 | D:1      | Found a faded altar of an unknown god.
   891 | D:2      | Noticed a scorpion
   893 | D:2      | Reached XP level 3. HP: 33/33 MP: 2/2
   903 | D:2      | Killed a scorpion
   904 | D:2      | Reached XP level 4. HP: 20/40 MP: 3/3
  1564 | D:2      | HP: 2/41 [poisoned by a gnoll]
  1565 | D:2      | Succumbed to a gnoll's poison

Illustrated notes

Levels and vault maps discovered:
D:1:      sevenhm_arrival_forest_fort_small_4, layout_loops_ring,
          ebering_ecumenical_altar_abandoned
D:2:      layout_loops_ring

Skill      XL: |  1  2  3  4 |
---------------+-------------+-----
Armour         | 4 |  4.7
Fighting       | 4 |  4.3
Axes           | 3 4 |  4.1
Shields        | 4 |  4.0
Dodging        | |  0.4

Action                   |  1- 3 |  4- 6 || total
-------------------------+-------+-------++-------
Melee: War axe           |    56 |    34 ||    90
       Headbutt          |    10 |     5 ||    15
  Use: Scroll            |       |     1 ||     1
       Potion            |       |     1 ||     1
Armor: Scale mail        |    56 |     9 ||    65
       Plate armour      |       |    24 ||    24
Dodge: Dodged            |    45 |    26 ||    71
Block: Buckler           |    22 |    12 ||    34

Table legend: (Time is in decaauts)
 A = Elapsed time spent in this place.
 B = Non-inter-level travel time spent in this place.
 C = Inter-level travel time spent in this place.
 D = Time resting spent in this place.
 E = Time spent auto-exploring this place.
 F = Levels seen in this place.
 G = Mean time per level.
                   A        B        C        D        E       F      G
               +--------+--------+--------+--------+--------+-----+--------+
         Total |   1598 |   1598 |      0 |    142 |    927 |   2 |  799.0 |
       Dungeon |   1598 |   1598 |      0 |    142 |    927 |   2 |  799.0 |
               +--------+--------+--------+--------+--------+-----+--------+

Top non-repeatable levels by time:
     D:1: 894 daAuts
     D:2: 704 daAuts
